 Dungeon Crawl Stone Soup version 0.30.0-5-g1a98f26d00 (webtiles) character file.

Game seed: 15401192294043246719

5050 chunkyMonkey the Ducker (level 10, -5/68 HPs)
             Began as an Octopode Fighter on May 8, 2023.
             Was an Elder of Okawaru.
             Killed from afar by an electric eel (7 damage)
             ... with a bolt of electricity
             ... in a bailey.
             The game lasted 00:20:41 (10384 turns).

chunkyMonkey the Ducker (Octopode Fighter)         Turns: 10384, Time: 00:20:42

Health: -5/68      AC:  1    Str: 16    XL:     10   Next: 56%
Magic:  8/10       EV: 17    Int: 11    God:    Okawaru [****..]
Gold:   1478       SH: 23    Dex: 15    Spells: 6/9 levels left

rFire   . . .        b - +4 dagger (elec)
rCold   . . .        x - +0 tower shield
rNeg    . . .        (helmet restricted)
rPois   .            t - amulet of reflection
rElec   .            d - ring of wizardry
rCorr   .            o - ring of see invisible
SInv    +            (no ring)
Will    .....        (no ring)
Stlth   +++++++      (no ring)
HPRegen 0.31/turn    (no ring)
MPRegen 0.12/turn    (no ring)
                     (no ring)

%: reflection, wizardry (x1)
@: heroic
A: almost no armour, amphibious, 8 rings, camouflage 1, gelatinous body 1,
nimble swimmer 1, tentacles
a: Renounce Religion, Heroism, Finesse


You were in a bailey.
You worshipped Okawaru.
Okawaru was greatly pleased with you.
You visited 2 branches of the dungeon, and saw 9 of its levels.
You also visited: Bailey.

You collected 1478 gold pieces.

Inventory:

Hand Weapons
 a - a +0 long sword
 b - a +4 dagger of electrocution (weapon)
 A - a +2 dagger of protection
 B - a +1 glaive of flaming
Missiles
 q - 20 poisoned darts (quivered)
 F - 2 atropa-tipped darts
Armour
 x - a +0 tower shield (worn)
Jewellery
 d - a ring of wizardry (left tentacle)
 o - a ring of see invisible (right tentacle)
 p - a ring of fire
 t - an amulet of reflection (around mantle)
Wands
 u - a wand of charming (9)
 E - a wand of digging (5)
Scrolls
 g - 3 scrolls of fog
 i - 4 scrolls of blinking
 j - a scroll of immolation
 k - 2 scrolls of poison
 s - 2 scrolls of enchant armour
 w - a scroll of amnesia
 y - a scroll of teleportation
 C - a scroll of fear
Potions
 c - a potion of might
 e - a potion of haste
 f - a potion of degeneration {unknown}
 h - 3 potions of curing {unknown}
 m - a potion of berserk rage {unknown}
 n - 2 potions of ambrosia {unknown}
 r - a potion of invisibility {unknown}
 v - a potion of lignification {unknown}
 z - 2 potions of brilliance {unknown}
 D - 2 potions of heal wounds {unknown}


   Skills:
 + Level 5.8(10.8) Fighting
 + Level 3.6(10.9) Short Blades
 * Level 7.3(12.8) Long Blades
 * Level 7.8(12.8) Dodging
 + Level 7.0(12.0) Stealth
 * Level 7.7(12.7) Shields
 + Level 2.2 Transmutations
 + Level 3.5 Poison Magic


You had 6 spell levels left.
You knew the following spells:

 Your Spells              Type           Power      Damage    Failure   Level
a - Poisonous Vapours     Pois/Air       6%         N/A       38%         2
b - Beastly Appendage     Tmut           8%         N/A       24%         1

Your spell library contained the following spells:

 Spells                   Type           Power      Damage    Failure   Level
 Wereblood                Tmut           4%         N/A       34%         2
 Spider Form              Tmut/Pois      6%         N/A       45%         3
 Passwall                 Tmut/Erth      1%         N/A       47%         2
 Sandblast                Erth           0%         2d4       50%         1
 Mephitic Cloud           Conj/Pois/Air  2%         N/A       69%         3
 Frozen Ramparts          Ice            0%         1d1       85%         3
 Stone Arrow              Conj/Erth      0%         3d7       85%         3
 Ice Form                 Ice/Tmut       2%         N/A       97%         4
 Freezing Cloud           Conj/Ice/Air   0%         6-21      100%        5
 Summon Ice Beast         Ice/Summ       Unusable   N/A       N/A         4

Dungeon Overview and Level Annotations

Branches:
Dungeon (8/15)             Temple (1/1) D:4          Bailey (1/1)
   Lair: D:8-11

Altars:
Ashenzari
Dithmenos
Fedhas
Gozag
Hepliaklqana
Makhleb
Nemelex Xobeh
Okawaru
Qazlal
Ru
Uskayaw
Vehumet
Xom
Yredelemnul
Zin
The Shining One

Shops:
D:3 =   D:5 (   D:7 *


Innate Abilities, Weirdness & Mutations

You cannot wear most types of armour.
You are amphibious.
You can wear up to eight rings at the same time.
Your skin changes colour to match your surroundings (Stealth+).
Your rubbery body absorbs attacks. (AC +1, EV +1)
You are camouflaged when in or above water. (Stealth+)
You have tentacles for arms and can constrict up to eight enemies at once.


Message History

You constrict the electric eel.
The electric eel shoots out a bolt of lightning at you!
The bolt of electricity hits you!
You hit the electric eel. You squeeze the electric eel.
You kill the electric eel!
Okawaru accepts your kill.
The electric eel shoots out a bolt of lightning at you!
The bolt of electricity hits you! x2
You enter the shallow water.
The electric eel shoots out a bolt of lightning at you!
The bolt of electricity hits you! The bolt of electricity misses you.
The bolt of electricity hits the electric eel.
The electric eel completely resists.
You hit the electric eel. Your grab misses the electric eel.
The electric eel is moderately wounded.
You miss the electric eel. Your grab misses the electric eel.
The electric eel is moderately wounded.
The electric eel shoots out a bolt of lightning at you!
The bolt of electricity hits you!
* * * LOW HITPOINT WARNING * * *
The bolt of electricity hits you.
* * * LOW HITPOINT WARNING * * *
The bolt of electricity hits the electric eel.
The electric eel completely resists.
Okay, then.
You gain the combat prowess of a mighty hero.
You hit the electric eel but do no damage.
Your grab misses the electric eel.
The electric eel is moderately wounded.
You hit the electric eel. Your grab misses the electric eel.
The electric eel is heavily wounded.
The electric eel shoots out a bolt of lightning at you!
The bolt of electricity hits you!
* * * LOW HITPOINT WARNING * * *
You closely miss the electric eel. Your grab misses the electric eel.
You squeeze the electric eel, but do no damage.
The electric eel is heavily wounded.
The electric eel shoots out a bolt of lightning at you!
The bolt of electricity hits you!
You die...

.#[[# #......#.~≈≈≈≈.####
.#[[+ #......#.~≈≈≈≈≈#
.##############...######≈≈≈≈≈#
....#.....'.8.8.8.#....#≈≈≈≈≈#
....'.....#.......#....#
'#..###############..#
#..'.............'..#
#####~~~~~~~~~~~~~######≈≈≈
≈≈≈≈≈≈≈≈≈≈≈≈≈≈≈≈@S≈≈≈≈≈≈≈≈≈
≈≈≈≈≈≈≈≈≈≈≈≈≈≈≈≈≈≈≈≈≈≈≈≈≈≈≈
≈≈≈≈≈≈≈≈≈≈≈≈≈≈≈≈≈≈≈≈≈≈≈≈≈≈≈
≈≈≈≈≈≈≈≈≈≈≈≈≈≈≈≈≈≈≈≈≈≈≈≈≈≈≈
≈≈≈≈≈≈≈≈≈≈≈≈≈≈≈≈≈≈≈≈≈≈≈≈≈≈≈
≈≈≈≈≈≈≈≈≈≈≈≈≈≈≈≈≈≈≈≈≈≈≈≈≈≈≈
≈≈≈≈≈≈≈≈≈≈≈≈≈≈≈≈≈≈≈≈≈≈≈≈≈≈≈
≈≈≈≈≈≈≈≈≈≈≈≈≈≈≈≈≈≈≈≈≈≈≈≈≈≈≈
##################


You could see an electric eel.

Vanquished Creatures
  2 orc knights (Bailey)
  Maggie (D:7)
  A kobold demonologist (Bailey)
  Grinder (D:5)
  Sigmund (D:3)
  A wyvern (D:7)
  A water moccasin (D:7)
  2 ice beasts
  7 orc warriors (Bailey)
  A black bear (D:7)
  2 sky beasts
  4 ogres
  A phantom (D:5)
  A kobold brigand (D:7)
  2 bullfrogs
  3 scorpions
  A wight (D:8)
  10 electric eels
  A howler monkey (D:7)
  2 hounds
  A jelly (D:7)
  An orc priest (D:4)
  3 sleepcaps
  3 iguanas
  3 orc wizards
  Robin (D:4)
  4 gnolls
  10 adders
  A white imp (D:4)
  6 worms
  2 dart slugs
  31 orcs
  9 ball pythons
  8 endoplasms
  3 giant cockroaches
  25 goblins
  13 hobgoblins
  4 jackals (D:2)
  8 quokkas
  10 bats
  6 frilled lizards
  15 kobolds
  2 rats
  A spectral orc (D:3)
215 creatures vanquished.

Notes
Turn   | Place    | Note
-------+----------+-------------------------------------------
     0 | D:1      | chunkyMonkey the Octopode Fighter began the quest for the
                  | Orb.
     0 | D:1      | Reached XP level 1. HP: 16/16 MP: 1/1
   168 | D:1      | Reached XP level 2. HP: 21/21 MP: 2/2
   329 | D:1      | Reached skill level 1 in Stealth
   329 | D:1      | Reached XP level 3. HP: 26/26 MP: 3/3
  1257 | D:2      | Reached XP level 4. HP: 16/31 MP: 4/4
  3172 | D:3      | Reached XP level 5. HP: 35/36 MP: 5/5
  3592 | D:3      | Noticed Sigmund
  3856 | D:3      | Found Zororuaw's Jewellery Shoppe.
  4320 | D:3      | Found a broken altar of Ashenzari.
  4384 | D:3      | Killed Sigmund
  4385 | D:3      | Reached XP level 6. HP: 35/43 MP: 6/6
  4496 | D:3      | Found a basalt altar of Yredelemnul.
  4669 | D:4      | Reached XP level 7. HP: 39/47 MP: 7/7
  4972 | D:4      | Noticed Robin
  4988 | D:4      | Killed Robin
  5322 | D:4      | Found a staircase to the Ecumenical Temple.
  5330 | D:4      | Reached skill level 5 in Dodging
  5404 | Temple   | Entered the Ecumenical Temple
  5404 | Temple   | Found a transporter.
  5404 | Temple   | Found a transporter.
  5406 | Temple   | Found a transporter.
  5406 | Temple   | Found a transporter.
  5473 | Temple   | Became a worshipper of Warmaster Okawaru
  5585 | D:4      | Reached skill level 5 in Shields
  6000 | D:5      | Entered Level 5 of the Dungeon
  6023 | D:5      | Reached XP level 8. HP: 47/54 MP: 8/8
  6354 | D:5      | Reached * piety under Okawaru
  6414 | D:5      | Found Suphek's Antique Weapon Shop.
  6484 | D:5      | Noticed Grinder
  6489 | D:5      | Paralysed by Grinder for 2 turns
  6499 | D:5      | Killed Grinder
  6500 | D:5      | Reached skill level 1 in Short Blades
  6500 | D:5      | Reached skill level 5 in Long Blades
  7177 | D:6      | Reached skill level 5 in Stealth
  7298 | D:6      | Identified the +0 scale mail of Ignis's Esteem {rElec}
  7302 | D:6      | Found a sacrificial altar of Ru.
  7373 | D:6      | Reached XP level 9. HP: 60/60 MP: 9/9
  7566 | D:6      | Learned a level 2 spell: Poisonous Vapours
  7626 | D:6      | Found a blossoming altar of Fedhas.
  7628 | D:6      | Found a hazy altar of Hepliaklqana.
  7631 | D:6      | Found an opulent altar of Gozag.
  7632 | D:6      | Found a sparkling altar of Nemelex Xobeh.
  7742 | D:6      | Reached ** piety under Okawaru
  7784 | D:6      | Found a glowing silver altar of Zin.
  7784 | D:6      | Noticed an angel
  7879 | D:7      | Noticed Maggie
  7888 | D:7      | Killed Maggie
  7889 | D:7      | Reached skill level 5 in Fighting
  7889 | D:7      | Reached skill level 1 in Poison Magic
  8043 | D:7      | Found Zomic's Assorted Antiques.
  8083 | D:7      | Reached *** piety under Okawaru
  8501 | D:7      | Learned a level 1 spell: Beastly Appendage
  8533 | D:7      | Identified the +1 pair of boots of the Iron Devil {+Blink
                  | Will+ Int+2 Dex+3}
  8955 | D:8      | Found a glowing golden altar of the Shining One.
  9092 | D:8      | Found a flagged portal.
  9105 | Bailey   | Entered a bailey
  9296 | Bailey   | Acquired 1051 gold pieces
  9302 | Bailey   | Noticed a kobold demonologist
  9316 | Bailey   | Killed a kobold demonologist
  9317 | Bailey   | Reached skill level 1 in Transmutations
  9317 | Bailey   | Reached XP level 10. HP: 66/66 MP: 8/10
  9370 | Bailey   | Noticed an orc knight
  9495 | Bailey   | Noticed an orc knight
  9512 | Bailey   | Killed an orc knight
  9512 | Bailey   | Reached **** piety under Okawaru
  9612 | Bailey   | Killed an orc knight
  9612 | Bailey   | Received a gift from Okawaru
 10383 | Bailey   | HP: 2/68 [electric eel/bolt of electricity (10)]
 10384 | Bailey   | Killed from afar by an electric eel

Illustrated notes

Levels and vault maps discovered:
D:1:      dpeg_arrival_signposts, layout_basic, minmay_crystal_water,
          chequers_serial_rivers_micro_e
D:2:      layout_basic
D:3:      layout_basic, yredelemnul_forgotten_temple_becter,
          mainiacjoe_overflow_alcove_1, serial_shops, nicolae_shop_crystal,
          minmay_misc_feat_room, uniq_sigmund
D:4:      cheibrodos_barr_body, layout_loops_ring,
          minmay_temple_entry_proselytizer, solitary_fountain, uniq_robin
D:5:      nicolae_cairo_tiling, layout_basic, serial_shops, nicolae_shop_trees,
          uniq_grinder
D:6:      layout_cave_pools, zin_angel, mainiacjoe_overflow_small_starburst,
          mainiacjoe_overflow_alcove_3, minivault_10, grunt_ministairs_9
D:7:      layout_basic, serial_shops, shop_statue, uniq_maggie
D:8:      layout_cave_pods, tso_oasis_becter, enter_bailey_3, minivault_14
Temple:   hellmonk_temple_divided_pantheon
Bailey:   bailey_axe_of_yendor_kennysheep, bailey

Skill      XL: |  1  2  3  4  5  6  7  8  9 10 |
---------------+-------------------------------+-----
Stealth        | 1 2 3 4 5 6 7 |  7.0
Long Blades    | 3 4 5 6 7 |  7.3
Dodging        | 4 5 6 7 |  7.8
Shields        | 4 5 6 7 |  7.7
Fighting       | 4 5 |  5.8
Short Blades   | 1 3 |  3.6
Poison Magic   | 2 3 |  3.5
Transmutations | 1 2 |  2.2

Action                     |  1- 3 |  4- 6 |  7- 9 | 10-12 || total
---------------------------+-------+-------+-------+-------++-------
  Melee: Long sword        |    72 |    82 |     8 |       ||   162
         Constrict         |    14 |    32 |    43 |    18 ||   107
         Tentacles         |     7 |    22 |    58 |    27 ||   114
         Dagger            |       |    22 |   235 |    73 ||   330
         Punch             |       |     1 |     5 |     2 ||     8
   Cast: Poisonous Vapours |       |       |       |     8 ||     8
 Invoke: Heroism           |       |       |     4 |     2 ||     6
  Evoke: Wand              |       |       |     8 |     2 ||    10
    Use: Scroll            |       |     4 |    12 |       ||    16
   Stab: Sleeping          |     9 |     8 |    28 |       ||    45
         Distracted        |       |       |       |     1 ||     1
 Armour: Skin              |     7 |     3 |     9 |       ||    19
  Dodge: Dodged            |    26 |    74 |    64 |    11 ||   175
  Block: Buckler           |    17 |    25 |    12 |       ||    54
         Tower shield      |       |       |   101 |    56 ||   157
